| TOP OF THE 1ST |
|
Williamsport Crosscutters batting - Pitching for Brooklyn Cyclones : RHP Morty Rupert
|
|
Pitching: RHP Morty Rupert
|
|
|
Batting: LHB Tsuneharu Nishimura
|
0-0: Ball 1-0: Ball 2-0: Called Strike 2-1: Foul Ball, location: 2F 2-2: Ball 3-2: Foul Ball, location: 2F 3-2: Ground out 1-3 (Groundball, 34S, EV 70.0 MPH)
|
|
Batting: RHB Matt McDevitt
|
0-0: Ball 1-0: Ball 2-0: Foul Ball, location: 2F 2-1: Swinging Strike 2-2: Strikes out swinging
|
|
Batting: RHB Alan Weller
|
0-0: Ball 1-0: Foul Ball, location: 2F 1-1: Ball 2-1: SINGLE (Groundball, 4MD, EV 100.6 MPH)
|
|
Batting: SHB Benjamin Brown
|
0-0: Ball 1-0: Foul Ball, location: 2F 1-1: Foul Ball, location: 2F 1-2: Ball 2-2: Strikes out swinging
|
| Top of the 1st over - 0 runs, 1 hit, 0 errors, 1 left on base; Williamsport 0 - Brooklyn 0 |
| BOTTOM OF THE 1ST |
|
Brooklyn Cyclones batting - Pitching for Williamsport Crosscutters : RHP Brian Yager
|
|
Pitching: RHP Brian Yager
|
|
|
Batting: RHB Tony Oria
|
0-0: Hit by Pitch
|
|
Batting: RHB Corban Stavrakis
|
0-0: Swinging Strike 0-1: Ball 1-1: Foul Ball, location: 2F 1-2: Grounds into double play, 6-4-3 (Groundball, 6, EV 93.8 MPH)
|
|
Batting: LHB Victor Ferrermena
|
0-0: Ball 1-0: Ball 2-0: Ball 3-0: Base on Balls
|
|
Batting: RHB Chris Nelson
|
0-0: Ball 1-0: Called Strike 1-1: Called Strike 1-2: Foul Ball, location: 2F 1-2: Strikes out swinging
|
| Bottom of the 1st over - 0 runs, 0 hits, 0 errors, 1 left on base; Williamsport 0 - Brooklyn 0 |
| TOP OF THE 2ND |
|
Williamsport Crosscutters batting - Pitching for Brooklyn Cyclones : RHP Morty Rupert
|
|
Batting: RHB Jimmy Misener
|
0-0: Ball 1-0: Fly out, F7 (Flyball, 78S, EV 88.1 MPH)
|
|
Batting: RHB Moritake Fukumoto
|
0-0: Foul Ball, location: 2F 0-1: SINGLE (Flyball, 7S, EV 96.2 MPH)
|
|
Batting: SHB Matt Sybrant
|
0-0: Called Strike 0-1: Ground out 4-3 (Groundball, 34D, EV 101.9 MPH) Moritake Fukumoto to second
|
|
Batting: RHB Allen Gravel
|
0-0: Swinging Strike 0-1: SINGLE (Line Drive, 8LS, EV 90.0 MPH) Moritake Fukumoto to third Runner from 3rd tries for Home, SAFE, throw by CF to home
|
|
Batting: RHB Cory Bonham
|
0-0: Fielders Choice at 2nd, 6-4 (Groundball, 6, EV 83.8 MPH)
|
| Top of the 2nd over - 1 run, 2 hits, 0 errors, 1 left on base; Williamsport 1 - Brooklyn 0 |
| BOTTOM OF THE 2ND |
|
Brooklyn Cyclones batting - Pitching for Williamsport Crosscutters : RHP Brian Yager
|
|
Batting: LHB Adam Barry
|
0-0: Called Strike 0-1: Foul Ball, location: 2F 0-2: Ball 1-2: Foul Ball, location: 2F 1-2: Ball 2-2: Ball 3-2: Foul Ball, location: 2F 3-2: Ground out 5-3 (Groundball, 56, EV 82.5 MPH)
|
|
Batting: RHB Leo Roman
|
0-0: Swinging Strike 0-1: Ball 1-1: Swinging Strike 1-2: Foul Ball, location: 2F 1-2: Ground out U3 (Groundball, 3L, EV 86.9 MPH)
|
|
Batting: LHB Manny Caldera
|
0-0: Ball 1-0: Swinging Strike 1-1: Called Strike 1-2: Ball 2-2: Ground out 6-3 (Groundball, 6M, EV 84.4 MPH)
|
| Bottom of the 2nd over - 0 runs, 0 hits, 0 errors, 0 left on base; Williamsport 1 - Brooklyn 0 |
| TOP OF THE 3RD |
|
Williamsport Crosscutters batting - Pitching for Brooklyn Cyclones : RHP Morty Rupert
|
|
Batting: LHB Tsuneharu Nishimura
|
0-0: Called Strike 0-1: Ball 1-1: Ball 2-1: Foul Ball, location: 2F 2-2: Ball 3-2: Base on Balls
|
|
Batting: RHB Matt McDevitt
|
0-0: Ball 1-0: Called Strike Tsuneharu Nishimura steals 2nd base 1-1: Foul Ball, location: 2F 1-2: Ball 2-2: Ground out 6-3 (Groundball, 6, EV 83.8 MPH)
|
|
Batting: RHB Alan Weller
|
0-0: Called Strike Tsuneharu Nishimura steals 3rd base 0-1: Called Strike 0-2: Ground out 6-3 (Groundball, 6, EV 89.4 MPH) Tsuneharu Nishimura scores
|
|
Batting: SHB Benjamin Brown
|
0-0: Ball 1-0: Ball 2-0: Ball 3-0: Foul Ball, location: 2F 3-1: Ground out 1-3 (Groundball, 34S, EV 65.6 MPH)
|
| Top of the 3rd over - 1 run, 0 hits, 0 errors, 0 left on base; Williamsport 2 - Brooklyn 0 |
| BOTTOM OF THE 3RD |
|
Brooklyn Cyclones batting - Pitching for Williamsport Crosscutters : RHP Brian Yager
|
|
Batting: RHB Oscar Chairez
|
0-0: Called Strike 0-1: Foul Ball, location: 2F 0-2: Strikes out swinging
|
|
Batting: RHB Hyeok Kim
|
0-0: Ground out 4-3 (Groundball, 4, EV 94.4 MPH)
|
|
Batting: RHB Tony Oria
|
0-0: Ball 1-0: Swinging Strike 1-1: Swinging Strike 1-2: Ball 2-2: Strikes out looking
|
| Bottom of the 3rd over - 0 runs, 0 hits, 0 errors, 0 left on base; Williamsport 2 - Brooklyn 0 |
| TOP OF THE 4TH |
|
Williamsport Crosscutters batting - Pitching for Brooklyn Cyclones : RHP Morty Rupert
|
|
Batting: RHB Jimmy Misener
|
0-0: Ball 1-0: Ball 2-0: Ball 3-0: Called Strike 3-1: Ground out 5-3 (Groundball, 56S, EV 65.0 MPH)
|
|
Batting: RHB Moritake Fukumoto
|
0-0: Ball 1-0: Ball 2-0: SINGLE (Line Drive, 6MD, EV 96.9 MPH)
|
|
Batting: SHB Matt Sybrant
|
0-0: Called Strike 0-1: Ball 1-1: Hit by Pitch Moritake Fukumoto to second
|
|
Batting: RHB Allen Gravel
|
0-0: Foul Ball, location: 2F 0-1: Called Strike 0-2: Foul Ball, location: 2F 0-2: Foul Ball, location: 2F 0-2: Ball 1-2: Ball 2-2: Strikes out swinging
|
|
Batting: RHB Cory Bonham
|
0-0: Ball 1-0: Ball 2-0: Swinging Strike 2-1: Ball 3-1: Fielders Choice at 2nd, 6-4 (Groundball, 6, EV 81.9 MPH)
|
| Top of the 4th over - 0 runs, 1 hit, 0 errors, 2 left on base; Williamsport 2 - Brooklyn 0 |
| BOTTOM OF THE 4TH |
|
Brooklyn Cyclones batting - Pitching for Williamsport Crosscutters : RHP Brian Yager
|
|
Batting: RHB Corban Stavrakis
|
0-0: Ball 1-0: Swinging Strike 1-1: Called Strike 1-2: Foul Ball, location: 2F 1-2: Ball 2-2: Ball 3-2: Base on Balls
|
|
Batting: LHB Victor Ferrermena
|
0-0: Ball 1-0: Fly out, F7 (Line Drive, 7, EV 86.2 MPH)
|
|
Batting: RHB Chris Nelson
|
0-0: Ball 1-0: Fielders Choice at 2nd, 6-4 (Groundball, 6, EV 105.0 MPH)
|
|
Batting: LHB Adam Barry
|
0-0: Foul Ball, location: 2F 0-1: Called Strike 0-2: Ball 1-2: Strikes out swinging
|
| Bottom of the 4th over - 0 runs, 0 hits, 0 errors, 1 left on base; Williamsport 2 - Brooklyn 0 |
| TOP OF THE 5TH |
|
Williamsport Crosscutters batting - Pitching for Brooklyn Cyclones : RHP Morty Rupert
|
|
Batting: LHB Tsuneharu Nishimura
|
0-0: Ball 1-0: Swinging Strike 1-1: Foul Ball, location: 2F 1-2: Ball 2-2: Strikes out swinging
|
|
Batting: RHB Matt McDevitt
|
0-0: Called Strike 0-1: Foul Ball, location: 2F 0-2: Ball 1-2: Ball 2-2: Strikes out swinging
|
|
Batting: RHB Alan Weller
|
0-0: Ball 1-0: Called Strike 1-1: Foul Ball, location: 2F 1-2: Foul Ball, location: 2F 1-2: Foul Ball, location: 2F 1-2: Ball 2-2: Foul Ball, location: 2F 2-2: Ball 3-2: Foul Ball, location: 2F 3-2: Fly out, F6 (Line Drive, 6, EV 66.9 MPH)
|
| Top of the 5th over - 0 runs, 0 hits, 0 errors, 0 left on base; Williamsport 2 - Brooklyn 0 |
| BOTTOM OF THE 5TH |
|
Brooklyn Cyclones batting - Pitching for Williamsport Crosscutters : RHP Brian Yager
|
|
Batting: RHB Leo Roman
|
0-0: Ball 1-0: Foul Ball, location: 2F 1-1: Ball 2-1: Ball 3-1: SINGLE (Groundball, 34D, EV 108.1 MPH)
|
|
Batting: LHB Manny Caldera
|
0-0: DOUBLE (Flyball, 8RXD, EV 111.2 MPH) Leo Roman to third
|
|
Batting: RHB Oscar Chairez
|
0-0: Ball 1-0: SINGLE (Groundball, 6MD, EV 103.1 MPH) Leo Roman scores Manny Caldera to third Runner from 3rd tries for Home, SAFE, throw by CF to home
|
|
Batting: RHB Hyeok Kim
|
0-0: Fielders Choice at 2nd, 6-4 (Groundball, 6, EV 105.6 MPH)
|
|
Batting: RHB Tony Oria
|
0-0: Ball 1-0: Ground out 5-3 (Groundball, 56S, EV 64.4 MPH) Hyeok Kim to second
|
|
Batting: RHB Corban Stavrakis
|
0-0: Ball 1-0: Ball 2-0: Ball 3-0: Base on Balls
|
|
Batting: LHB Victor Ferrermena
|
0-0: SINGLE (Line Drive, 7LS, EV 98.1 MPH) Hyeok Kim to third Corban Stavrakis to second Runner from 3rd tries for Home, SAFE, throw by LF to home
|
|
Batting: RHB Chris Nelson
|
0-0: Foul Ball, location: 2F 0-1: Ball 1-1: Called Strike 1-2: Ball 2-2: Strikes out swinging
|
| Bottom of the 5th over - 3 runs, 4 hits, 0 errors, 2 left on base; Williamsport 2 - Brooklyn 3 |
| TOP OF THE 6TH |
|
Williamsport Crosscutters batting - Pitching for Brooklyn Cyclones : RHP Morty Rupert
|
|
Batting: SHB Benjamin Brown
|
0-0: SINGLE (Line Drive, 8RS, EV 104.4 MPH)
|
|
Batting: RHB Jimmy Misener
|
0-0: Ball 1-0: Ball 2-0: Ball Wild Pitch! Benjamin Brown to second 3-0: Called Strike 3-1: Called Strike 3-2: Fly out, F8 (Flyball, 78D, EV 75.6 MPH)
|
|
Pitching: RHP Stan Pitcher
|
|
|
Batting: RHB Moritake Fukumoto
|
0-0: Called Strike 0-1: Swinging Strike 0-2: SINGLE (Flyball, 6MD, EV 89.4 MPH) Benjamin Brown to third
|
|
Batting: SHB Matt Sybrant
|
0-0: Foul Ball, location: 2F 0-1: Called Strike 0-2: Foul Ball, location: 2F 0-2: DOUBLE (Flyball, 89D, EV 87.5 MPH) Benjamin Brown scores Moritake Fukumoto to third
|
|
Batting: RHB Allen Gravel
|
0-0: Called Strike 0-1: Called Strike 0-2: Ball 1-2: SINGLE (Groundball, 34D, EV 103.1 MPH) Moritake Fukumoto scores Matt Sybrant to third
|
|
Batting: RHB Cory Bonham
|
0-0: Ball 1-0: Ball Allen Gravel steals 2nd base 2-0: Swinging Strike 2-1: Ball 3-1: Base on Balls
|
|
Batting: LHB Tsuneharu Nishimura
|
0-0: Ball 1-0: Swinging Strike 1-1: Swinging Strike 1-2: Ball 2-2: Ball 3-2: Foul Ball, location: 2F 3-2: Strikes out swinging
|
|
Batting: RHB Matt McDevitt
|
0-0: Foul Ball, location: 2F 0-1: Called Strike 0-2: Ball 1-2: Strikes out swinging
|
| Top of the 6th over - 2 runs, 4 hits, 0 errors, 3 left on base; Williamsport 4 - Brooklyn 3 |
| BOTTOM OF THE 6TH |
|
Brooklyn Cyclones batting - Pitching for Williamsport Crosscutters : RHP Brian Yager
|
|
Pitching: LHP Wil Diaz
|
|
|
Batting: LHB Adam Barry
|
0-0: Ball 1-0: Called Strike 1-1: Foul Ball, location: 2F 1-2: Ball 2-2: Strikes out swinging
|
|
Batting: RHB Leo Roman
|
0-0: Ground out 6-3 (Groundball, 56D, EV 86.9 MPH)
|
|
Batting: LHB Manny Caldera
|
0-0: Called Strike 0-1: Foul Ball, location: 2F 0-2: Ball 1-2: Ball 2-2: Ball 3-2: Base on Balls
|
|
Batting: RHB Oscar Chairez
|
0-0: Ball 1-0: Ball 2-0: Called Strike 2-1: Foul Ball, location: 2F 2-2: Ground out 6-3 (Groundball, 6M, EV 91.2 MPH)
|
| Bottom of the 6th over - 0 runs, 0 hits, 0 errors, 1 left on base; Williamsport 4 - Brooklyn 3 |
| TOP OF THE 7TH |
|
Williamsport Crosscutters batting - Pitching for Brooklyn Cyclones : RHP Stan Pitcher
|
|
Pitching: LHP Mike Capers
|
|
|
Batting: RHB Alan Weller
|
0-0: Ball 1-0: SINGLE (Groundball, 34D, EV 98.1 MPH)
|
|
Batting: SHB Benjamin Brown
|
0-0: Ball Alan Weller steals 2nd base 1-0: Ball 2-0: Called Strike 2-1: Swinging Strike 2-2: Strikes out looking
|
|
Batting: RHB Jimmy Misener
|
0-0: Ball 1-0: Called Strike 1-1: Ball 2-1: Foul Ball, location: 2F 2-2: Foul Ball, location: 2F 2-2: Strikes out looking
|
|
Batting: RHB Moritake Fukumoto
|
0-0: Called Strike 0-1: Called Strike 0-2: Strikes out swinging
|
| Top of the 7th over - 0 runs, 1 hit, 0 errors, 1 left on base; Williamsport 4 - Brooklyn 3 |
| BOTTOM OF THE 7TH |
|
Brooklyn Cyclones batting - Pitching for Williamsport Crosscutters : LHP Wil Diaz
|
|
Batting: RHB Hyeok Kim
|
0-0: Called Strike 0-1: Foul Ball, location: 2F 0-2: Ball 1-2: Strikes out looking
|
|
Batting: RHB Tony Oria
|
0-0: Foul Ball, location: 2F 0-1: Ball 1-1: Swinging Strike 1-2: Ball 2-2: Ball 3-2: Foul Ball, location: 2F 3-2: Ground out 5-3 (Groundball, 5, EV 84.4 MPH)
|
|
Batting: RHB Corban Stavrakis
|
0-0: Called Strike 0-1: Ball 1-1: Foul Ball, location: 2F 1-2: Ball 2-2: Ball 3-2: Foul Ball, location: 2F 3-2: Base on Balls
|
|
Batting: LHB Victor Ferrermena
|
0-0: Ball 1-0: Ball 2-0: Called Strike 2-1: Ball 3-1: Base on Balls Corban Stavrakis to second
|
|
Batting: RHB Chris Nelson
|
0-0: Called Strike 0-1: Called Strike 0-2: Ball 1-2: Ball 2-2: Ground out 6-3 (Groundball, 56, EV 102.5 MPH)
|
| Bottom of the 7th over - 0 runs, 0 hits, 0 errors, 2 left on base; Williamsport 4 - Brooklyn 3 |
| TOP OF THE 8TH |
|
Williamsport Crosscutters batting - Pitching for Brooklyn Cyclones : LHP Mike Capers
|
|
Batting: SHB Matt Sybrant
|
0-0: Fly out, F7 (Flyball, 7LS, EV 83.8 MPH)
|
|
Batting: RHB Allen Gravel
|
0-0: Called Strike 0-1: Ball 1-1: Ground out 6-3 (Groundball, 56, EV 81.2 MPH)
|
|
Batting: RHB Cory Bonham
|
0-0: Fly out, F1 (Line Drive, P, EV 65.6 MPH)
|
| Top of the 8th over - 0 runs, 0 hits, 0 errors, 0 left on base; Williamsport 4 - Brooklyn 3 |
| BOTTOM OF THE 8TH |
|
Brooklyn Cyclones batting - Pitching for Williamsport Crosscutters : LHP Wil Diaz
|
|
Pitching: LHP Victor Villarreal
|
|
|
Batting: LHB Adam Barry
|
0-0: Called Strike 0-1: Called Strike 0-2: DOUBLE (Line Drive, 78XD, EV 105.6 MPH)
|
|
Batting: RHB Leo Roman
|
0-0: Fly out, F7 (Flyball, 78M, EV 91.9 MPH) Runner from 2nd tags up, SAFE at 3rd with throw by LF
|
|
Pinch Hitting: RHB Allen Wozniak
|
0-0: SINGLE (Groundball, 56, EV 103.1 MPH) Adam Barry scores
|
|
Batting: RHB Oscar Chairez
|
0-0: Called Strike Allen Wozniak is caught stealing 2nd base 2-4 0-1: Foul Ball, location: 2F 0-2: Ball 1-2: Foul Ball, location: 2F 1-2: Ball 2-2: Foul Ball, location: 2F 2-2: Foul Ball, location: 2F 2-2: Ball 3-2: Strikes out looking
|
| Bottom of the 8th over - 1 run, 2 hits, 0 errors, 0 left on base; Williamsport 4 - Brooklyn 4 |
| TOP OF THE 9TH |
|
Williamsport Crosscutters batting - Pitching for Brooklyn Cyclones : LHP Mike Capers
|
|
Now at 2B: Allen Wozniak
|
|
|
Now at SS: Hyeok Kim
|
|
|
Pinch Hitting: RHB Ken Gadberry
|
0-0: Ball 1-0: DOUBLE (Flyball, 8RD, EV 91.2 MPH)
|
|
Batting: RHB Matt McDevitt
|
0-0: Ball 1-0: Ball 2-0: Foul Ball, location: 2F 2-1: Foul Ball, location: 2F 2-2: Strikes out looking
|
|
Batting: RHB Alan Weller
|
0-0: Called Strike 0-1: Ball 1-1: Called Strike 1-2: Ball 2-2: Ground out 5-3 (Groundball, 56, EV 109.4 MPH)
|
|
Batting: SHB Benjamin Brown
|
0-0: Foul Ball, location: 2F 0-1: Foul Ball, location: 2F 0-2: SINGLE (Groundball, 6MD, EV 111.9 MPH) Ken Gadberry to third Runner from 3rd tries for Home, SAFE, throw by CF to home
|
|
Batting: RHB Jimmy Misener
|
0-0: Ball Wild Pitch! Benjamin Brown to second 1-0: Called Strike 1-1: Foul Ball, location: 2F 1-2: Strikes out swinging
|
| Top of the 9th over - 1 run, 2 hits, 0 errors, 1 left on base; Williamsport 5 - Brooklyn 4 |
| BOTTOM OF THE 9TH |
|
Brooklyn Cyclones batting - Pitching for Williamsport Crosscutters : LHP Victor Villarreal
|
|
Pitching: RHP Dou-guan Ti
|
|
|
Now in CF: Manoel Camp
|
|
|
Pinch Hitting: SHB Julio Ramos
|
0-0: Ball 1-0: Fly out, F9 (Flyball, 9S, EV 89.4 MPH)
|
|
Pinch Hitting: LHB Kodai Furuki
|
0-0: Ground out 4-3 (Groundball, 4, EV 88.1 MPH)
|
|
Batting: RHB Corban Stavrakis
|
0-0: Ground out 4-3 (Groundball, 4, EV 77.5 MPH)
|
| Bottom of the 9th over - 0 runs, 0 hits, 0 errors, 0 left on base; Williamsport 5 - Brooklyn 4 |
|